 Dungeon Crawl Stone Soup version 0.30-a0-897-ga2f19c967e (webtiles) character file.

Game seed: 5405866840201151827

43 112233 the Magician (level 3, 0/21 HPs)
             Began as an Octopode Earth Elementalist on Mar 18, 2023.
             Was a Believer of Sif Muna.
             Slain by an orc
             ... wielding a +0 club
              (3 damage)
             ... on level 3 of the Dungeon.
             The game lasted 00:01:14 (1785 turns).

112233 the Magician (Octopode Earth Elementalist)   Turns: 1785, Time: 00:01:15

Health: 0/21       AC:  1    Str:  7    XL:     3   Next: 58%
Magic:  3/7        EV: 13    Int: 19    God:    Sif Muna [**....]
Gold:   131        SH:  0    Dex: 12    Spells: 7/8 levels left

rFire   . . .      SeeInvis .    f - +2 short sword (speed)
rCold   . . .      Faith    .    (no shield)
rNeg    . . .      Spirit   .    (helmet restricted)
rPois   .          Reflect  .    (no amulet)
rElec   .          Rampage  .    (no ring)
rCorr   .                        (no ring)
Will    .....                    (no ring)
Stlth   +++                      (no ring)
HPRegen 0.23/turn                (no ring)
MPRegen 0.10/turn                (no ring)
                                 (no ring)
                                 (no ring)

@: no status effects
A: almost no armour, amphibious, 8 rings, camouflage 1, gelatinous body 1,
(nimble swimmer 1), tentacles
a: Renounce Religion, Channel Magic


You were on level 3 of the Dungeon.
You worshipped Sif Muna.
Sif Muna was pleased with you.
You visited 1 branch of the dungeon, and saw 3 of its levels.

You collected 131 gold pieces.

Inventory:

Hand Weapons
 f - a +2 short sword of speed (weapon)
 m - a +0 dagger of venom
Jewellery
 e - a ring of poison resistance
Scrolls
 c - a scroll of teleportation {unknown}
 h - a scroll of immolation {unknown}
 i - 2 scrolls of butterflies {unknown}
 j - a scroll of identify {unknown}
 l - a scroll of amnesia {unknown}
 n - a scroll of blinking {unknown}
Potions
 a - a potion of magic
 b - 2 potions of curing
 d - a potion of might {unknown}
 g - a potion of invisibility {unknown}
 k - a potion of lignification {unknown}


   Skills:
 - Level 2.1 Dodging
 - Level 3.0 Stealth
 + Level 3.2 Spellcasting
 - Level 1.2 Transmutations
 - Level 3.1 Earth Magic


You had 7 spell levels left.
You knew the following spells:

 Your Spells              Type           Power      Damage    Failure   Level
a - Sandblast             Erth           28%        2d8       4%          1

Your spell library contained the following spells:

 Spells                   Type           Power      Damage    Failure   Level
 Beastly Appendage        Tmut           14%        N/A       9%          1
 Passwall                 Tmut/Erth      9%         N/A       9%          2
 Wereblood                Tmut           7%         N/A       14%         2
 Stone Arrow              Conj/Erth      18%        3d8       24%         3
 Spider Form              Tmut/Pois      5%         N/A       34%         3
 Petrify                  Tmut/Erth      11%        N/A       52%         4


Dungeon Overview and Level Annotations

Branches:
Dungeon (3/15)

Altars:
Sif Muna


Innate Abilities, Weirdness & Mutations

You cannot wear most types of armour.
You are amphibious.
You can wear up to eight rings at the same time.
Your skin changes colour to match your surroundings (Stealth+).
Your rubbery body absorbs attacks. (AC +1, EV +1)
((You are camouflaged when in or above water. (Stealth+)))
You have tentacles for arms and can constrict up to eight enemies at once.


Message History

Aim: an orc, wielding a +0 hand axe (82% to hit)
The blast of sand hits the orc!
You kill the orc!
Sif Muna accepts your kill.
Unknown command.
Casting: Sandblast (safe; 4% risk of failure)
Confirm with . or Enter, or press ? or * to list all spells.
Aiming: Sandblast (safe; 4% risk of failure)
Press: ? - help, Shift-Dir - straight line, f - orc
Aim: an orc, wielding a +0 club and wearing a +0 chain mail (87% to hit)
The blast of sand hits the orc but does no damage.
The orc hits you with a +0 club. The orc closely misses you.
Unknown command.
Casting: Sandblast (safe; 4% risk of failure)
Confirm with . or Enter, or press ? or * to list all spells.
Aiming: Sandblast (safe; 4% risk of failure)
Press: ? - help, Shift-Dir - straight line, f/p - orc
Aim: an orc, wielding a +0 club and wearing a +0 chain mail (87% to hit)
The blast of sand hits the orc but does no damage.
The orc closely misses you. The orc barely misses you.
The orc hits you with a +0 club.
Unknown command.
Casting: Sandblast (safe; 4% risk of failure)
Confirm with . or Enter, or press ? or * to list all spells.
Aiming: Sandblast (safe; 4% risk of failure)
Press: ? - help, Shift-Dir - straight line, f/p - orc
Aim: an orc, wielding a +0 club and wearing a +0 chain mail (87% to hit)
The blast of sand hits the orc but does no damage.
The orc barely misses you.
A bat comes into view.
The orc barely misses you. The orc hits you with a +0 club.
The orc closely misses you. The orc misses you.
The orc hits you with a +0 club. The orc attacks as you move away!
The orc hits you with a +0 club. The orc attacks as you move away!
The orc hits you with a +0 club.
* * * LOW HITPOINT WARNING * * *
It was a potion of curing.
You feel better. The orc hits you with a +0 club.
* * * LOW HITPOINT WARNING * * *
The orc hits you with a +0 club.
You die...

.$.#...## ##
..#.......##...
..#............
.........?.#..#
..............#
.............#
........)...##
...#..ooo...##
...b..>@.....#
...##.....#....
. ##<..## ...
##### ♣


You could see 3 orcs and a bat.

Vanquished Creatures
  An orc (D:3)
  A bat (D:1)
  3 endoplasms (D:1)
  A giant cockroach (D:1)
  4 goblins
  5 hobgoblins
  3 kobolds
  A quokka (D:2)
  13 ball pythons
  3 frilled lizards
  4 rats
39 creatures vanquished.

Notes
Turn   | Place    | Note
-------+----------+-------------------------------------------
     0 | D:1      | 112233 the Octopode Earth Elementalist began the quest for
                  | the Orb.
     0 | D:1      | Reached XP level 1. HP: 11/11 MP: 3/3
   124 | D:1      | Found a faded altar of an unknown god.
   150 | D:1      | Prayed at the altar of an unknown god.
   150 | D:1      | Became a worshipper of Sif Muna the Loreminder
   150 | D:1      | Reached * piety under Sif Muna
   198 | D:1      | Reached XP level 2. HP: 17/17 MP: 3/5
   764 | D:1      | Reached XP level 3. HP: 21/21 MP: 5/7
  1452 | D:2      | Reached ** piety under Sif Muna
  1785 | D:3      | Slain by an orc

Illustrated notes

Levels and vault maps discovered:
D:1:      dpeg_arrival_castle, layout_basic, dreamdust_ecumenical_altar_statues,
          serial_bayou_pond_c, feat_on_display
D:2:      layout_basic, chequers_jeans
D:3:      layout_rooms, mainiacjoe_overflow_catch_the_wave, serial_shops,
          nicolae_shop_behind_doors

Skill      XL: |  1  2  3 |
---------------+----------+-----
Stealth        | 3 |  3.0
Spellcasting   | 3 |  3.2
Dodging        | |  2.1
Transmutations | |  1.2
Earth Magic    | |  3.1

Action                     || total
---------------------------++-------
  Melee: Unarmed           ||     8
         Tentacles         ||     2
         Constrict         ||     2
         Short sword       ||     1
   Cast: Sandblast         ||    46
    Use: Potion            ||     1
   Stab: Sleeping          ||     2
 Armour: Skin              ||     5
  Dodge: Dodged            ||    36

Table legend: (Time is in decaauts)
 A = Elapsed time spent in this place.
 B = Non-inter-level travel time spent in this place.
 C = Inter-level travel time spent in this place.
 D = Time resting spent in this place.
 E = Time spent auto-exploring this place.
 F = Levels seen in this place.
 G = Mean time per level.
                   A        B        C        D        E       F      G
               +--------+--------+--------+--------+--------+-----+--------+
         Total |   1806 |   1704 |    102 |      0 |   1457 |   3 |  602.0 |
       Dungeon |   1806 |   1704 |    102 |      0 |   1457 |   3 |  602.0 |
               +--------+--------+--------+--------+--------+-----+--------+

Top non-repeatable levels by time:
     D:1: 917 daAuts
     D:2: 878 daAuts
     D:3: 10 daAuts
